 Dungeon Crawl Stone Soup version 0.26.1 (webtiles) character file.

Game seed: 3472520566074692835

20937 Gauvater the Cleaver (level 12, -1/108 HPs)
             Began as a Palentonga Fighter on Feb 4, 2021.
             Was a High Priest of Wu Jian.
             Slain by a boulder beetle (24 damage)
             ... on level 12 of the Dungeon.
             The game lasted 02:03:56 (18493 turns).

Gauvater the Cleaver (Palentonga Fighter)          Turns: 18493, Time: 02:03:57

Health: -1/108     AC: 23    Str: 30    XL:     12   Next: 49%
Magic:  12/12      EV: 11    Int: 10    God:    Wu Jian [*****.]
Gold:   929        SH: 14    Dex: 11    Spells: 11/11 levels left

rFire    + + .     SeeInvis +   L - +5 flail (freeze)
rCold    . . .     Faith    +   c - +2 kite shield
rNeg     . . .     Spirit   .   U - +3 ring mail {rF+}
rPois    .         Reflect  .   z - +2 hat {SInv}
rElec    .         Harm     .   J - +0 cloak
rCorr    .         Rampage  .   P - +2 pair of gloves
Will     +++..                  (no barding)
Stlth    ++........             C - amulet of faith
HPRegen  0.28/turn              R - +6 ring of strength
MPRegen  0.13/turn              S - ring "Xidev" {rF+ Will+++ Dex+2 SInv}

@: curled up
A: large, rugged brown scales 3, see invisible, deformed body, roll 1, armoured
tail, reflexive curl
a: Rolling Charge, Renounce Religion, Wall Jump, Serpent's Lash, Heavenly Storm


You were on level 12 of the Dungeon.
You worshipped Wu Jian.
Wu Jian was extremely pleased with you.
You visited 2 branches of the dungeon, and saw 13 of its levels.
You also visited: Ossuary and Gauntlet.

You collected 929 gold pieces.

Inventory:

Hand Weapons
 a - a +0 war axe
 k - the +0 trident "Ozyd Muclul" {speed, rElec Dex+5}
   (You found it on level 10 of the Dungeon)

   Attacks with this weapon are significantly faster.
   It affects your dexterity (+5).
   It insulates you from electricity.
 A - a +4 short sword
 H - a +2 dagger of draining
 L - a +5 flail of freezing (weapon)
Missiles
 b - 2 boomerangs of dispersal
 e - 15 boomerangs
 w - 60 poisoned darts
 T - 16 javelins
Armour
 c - a +2 kite shield (worn)
 z - a +2 hat of see invisible (worn)
 J - a +0 cloak (worn)
 P - a +2 pair of gloves (worn)
 U - a +3 ring mail of fire resistance (worn)
Jewellery
 g - a +4 ring of evasion
 C - an amulet of faith (around neck)
 M - an uncursed ring of resist corrosion
 R - a +6 ring of strength (left hand)
 S - the ring "Xidev" (right hand) {rF+ Will+++ Dex+2 SInv}
   (You took it off a minotaur in a Gauntlet)

   [ring of protection from fire]

   It affects your dexterity (+2).
   It protects you from fire.
   It affects your willpower, your defense against some magical effects.
   It lets you see invisible.
Wands
 m - a wand of flame (8)
 x - a wand of enslavement (1)
 y - a wand of iceblast (22)
 I - a wand of random effects (7)
 O - a wand of polymorph (11)
 V - a wand of paralysis (8)
Scrolls
 f - 6 scrolls of teleportation
 i - 7 scrolls of remove curse
 j - 4 scrolls of identify
 o - 2 scrolls of enchant weapon
 s - 5 scrolls of fog
 v - 2 scrolls of blinking
 E - a scroll of magic mapping
 X - a scroll of fear
 Y - a scroll of torment
Potions
 d - 2 potions of might
 h - 2 potions of flight
 l - a potion of resistance
 n - 4 potions of lignification
 t - 2 potions of mutation
 u - 2 potions of curing
 D - 2 potions of haste
 G - 2 potions of cancellation
 K - a potion of ambrosia
Miscellaneous
 Q - a lightning rod (4/4)


   Skills:
 + Level 7.9 Fighting
 + Level 5.0 Short Blades
 + Level 10.5(11.0) Axes
 + Level 4.9(8.4) Maces & Flails
 + Level 1.2(6.2) Polearms
 + Level 7.4 Armour
 + Level 5.1 Dodging
 * Level 4.3 Stealth
 + Level 7.9 Shields
 * Level 2.3 Evocations


You had 11 spell levels left.
You didn't know any spells.
Your spell library contained the following spells:

 Spells                   Type           Power        Failure   Level
 Corona                   Hex            0%           54%         1
 Magic Dart               Conj           0%           54%         1
 Shock                    Conj/Air       0%           54%         1
 Blink                    Tloc           N/A          67%         2
 Call Imp                 Summ           0%           67%         2
 Ensorcelled Hibernation  Hex/Ice        0%           67%         2
 Slow                     Hex            0%           67%         2
 Swiftness                Air            0%           67%         2
 Confusing Touch          Hex            0%           88%         3
 Conjure Flame            Conj/Fire      0%           88%         3
 Dazzling Flash           Conj/Hex       0%           88%         3
 Mephitic Cloud           Conj/Pois/Air  0%           88%         3
 Static Discharge         Conj/Air       0%           88%         3
 Tukima's Dance           Hex            0%           88%         3
 Airstrike                Air            0%           99%         4
 Lightning Bolt           Conj/Air       0%           100%        5


Dungeon Overview and Level Annotations

Branches:
Dungeon (12/15)            Temple (0/1) D:4            Lair (0/6) D:10
    Orc (1/2) D:12        Ossuary (visited)         Gauntlet (visited)

Altars:
Cheibriados
Dithmenos
Fedhas
Gozag
Kikubaaqudgha
Qazlal
Sif Muna
Vehumet
Wu Jian
Xom
Zin

Annotations:
D:2 Sigmund
D:10 exclusion: ice statue


Innate Abilities, Weirdness & Mutations

You are completely covered in rugged brown scales. (AC +3, +7% HP)
You have supernaturally acute eyesight. (SInv)
Armour fits poorly on your strangely shaped body.
You can roll at nearby foes to attack.
You have a long armoured tail.
You curl defensively after being hit.


Message History

There are monsters nearby!
The boulder beetle curls into a ball and begins rolling!
You block the boulder beetle's attack.
The boulder beetle stops rolling and uncurls.
The boulder beetle curls into a ball and begins rolling!
The boulder beetle closely misses you.
The boulder beetle stops rolling and uncurls.
The boulder beetle curls into a ball and begins rolling!
The boulder beetle hits you!!
* * * LOW HITPOINT WARNING * * *
The boulder beetle stops rolling and uncurls.
The boulder beetle curls into a ball and begins rolling!
The boulder beetle barely misses you.
The boulder beetle stops rolling and uncurls.
The boulder beetle curls into a ball and begins rolling!
You block the boulder beetle's attack.
The boulder beetle stops rolling and uncurls.
There is an escape hatch in the ceiling here.
The boulder beetle bites you!!
You die...

#.#.......................^8≈
#.#..g#####...........#....≈8
#...# #.##.#.###..#....≈≈
#...#####.##.#..........†≈≈
#..g##...#..........###..≈≈
#.#....Y.##.#[..####.## #...)
#........g°g....# #.# #..≈≈
###.#.######B...# #.# #..≈≈
#.#.# ##@#######.# #.[≈≈
#...# #...# #...# #..≈8 #..##
##..# #.### #..8≈ #. ##.# #.#
#.... .. #.# #.# ##.### #.#
#.# ##..### #.####.####.#..<.
###.......(..###?##
........[÷÷[## ##..


You could see a boulder beetle and a gnoll sergeant.

Vanquished Creatures
  A minotaur (Gauntlet)
  2 two-headed ogres
  5 death yaks (D:9)
  An unseen horror (D:11)
  A manticore (D:6)
  2 centaur skeletons
  2 hellwings (D:7)
  2 trolls
  A meliai (Gauntlet)
  Grinder (D:4)
  A wyvern (D:9)
  A wraith (D:10)
  26 yaks
  A ynoxinul (Gauntlet)
  Menkaure (D:5)
  Edmund (D:5)
  A water moccasin (D:11)
  7 orc warriors
  2 black bears (D:8)
  2 ice beasts
  3 sky beasts
  3 phantoms
  4 ogres
  5 centaurs
  12 bullfrogs
  A wyvern zombie (D:7)
  A wyvern skeleton (D:7)
  2 scorpions
  10 killer bees
  18 wights
  3 howler monkeys
  3 electric eels (D:12)
  A bullfrog zombie (D:9)
  6 centaur zombies
  A crimson imp (D:10)
  A jelly (D:11)
  8 orc priests
  8 hounds
  4 iron imps (Gauntlet)
  4 bullfrog skeletons
  An iguana (D:12)
  16 orc wizards
  9 worker ants
  A killer bee zombie (D:9)
  A hound zombie (D:2)
  4 mummies (Ossuary)
  A hound skeleton (D:11)
  A howler monkey skeleton (D:10)
  A howler monkey zombie (D:11)
  2 worker ant zombies (D:8)
  14 adders
  5 gnolls
  4 shadow imps (D:7)
  4 white imps
  An ufetubus (D:9)
  An ooze (D:5)
  2 adder skeletons
  An adder zombie (D:7)
  3 worms
  5 dart slugs
  7 leopard geckos
  67 orcs
  A ball python (D:6)
  10 giant cockroaches
  4 gnoll zombies (Ossuary)
  2 goblins
  5 hobgoblins
  6 jackals
  3 kobolds
  5 quokkas
  2 bats (D:3)
  2 frilled lizards (D:1)
  A giant cockroach zombie (D:3)
  5 gnoll skeletons (Ossuary)
  4 goblin skeletons (Ossuary)
  3 goblin zombies (Ossuary)
  7 hobgoblin skeletons (Ossuary)
  5 hobgoblin zombies (Ossuary)
  3 kobold skeletons (Ossuary)
  6 kobold zombies (Ossuary)
  A leopard gecko skeleton (D:4)
  An orc skeleton (Ossuary)
  3 orc zombies (Ossuary)
  2 quokka zombies (D:6)
  13 rats
  4 rat skeletons (Ossuary)
  4 rat zombies (Ossuary)
412 creatures vanquished.

Vanquished Creatures (collateral kills)
  An orc knight (Orc:1)
  A warg (Orc:1)
  2 orc warriors (Orc:1)
  5 orcs (Orc:1)
9 creatures vanquished.

Vanquished Creatures (others)
  2 orc warriors (Orc:1)
  A goblin skeleton (Ossuary)
  4 demonic plants (Gauntlet)
  30 plants (D:12)
  14 withered plants (D:7)
51 creatures vanquished.

Grand Total: 472 creatures vanquished

Notes
Turn   | Place    | Note
-------+----------+-------------------------------------------
     0 | D:1      | Gauvater the Palentonga Fighter began the quest for the
                  | Orb.
     0 | D:1      | Reached XP level 1. HP: 20/20 MP: 1/1
   345 | D:1      | Reached XP level 2. HP: 27/27 MP: 2/2
   935 | D:2      | Noticed Sigmund
  1062 | D:2      | Reached XP level 3. HP: 33/33 MP: 3/3
  1669 | D:2      | Reached XP level 4. HP: 32/40 MP: 4/4
  1948 | D:3      | Reached skill level 3 in Axes
  2007 | D:3      | Found an ancient bone altar of Kikubaaqudgha.
  2081 | D:3      | Found an ornate altar of the Wu Jian Council.
  2261 | D:3      | Found a shimmering altar of Xom.
  2352 | D:3      | Reached skill level 1 in Dodging
  2352 | D:3      | Reached XP level 5. HP: 30/48 MP: 5/5
  2799 | D:3      | Found a shimmering blue altar of Sif Muna.
  2801 | D:3      | Found a radiant altar of Vehumet.
  2805 | D:3      | Identified Sif Muna's Grimoire of the Oath
  3210 | D:4      | Got a shimmering leather armour
  3220 | D:4      | Identified the +0 leather armour of the Catfish {+Fly rF+}
                  | (You found it on level 4 of the Dungeon)
  3484 | D:4      | Found a staircase to the Ecumenical Temple.
  3502 | D:3      | Reached skill level 4 in Axes
  3502 | D:3      | Reached skill level 1 in Stealth
  3516 | D:3      | HP: 2/48 [poisoned by a scorpion]
  3789 | D:4      | Reached XP level 6. HP: 47/55 MP: 6/6
  3923 | D:4      | Noticed Grinder
  3929 | D:4      | Paralysed by Grinder for 2 turns
  4156 | D:4      | Killed Grinder
  4157 | D:4      | Reached skill level 5 in Axes
  4157 | D:4      | Gained mutation: You curl defensively after being hit.
                  | [Palentonga growth]
  4157 | D:4      | Reached XP level 7. HP: 27/63 MP: 7/7
  4755 | D:4      | Found an opulent altar of Gozag.
  4876 | D:3      | Became a worshipper of the Wu Jian Council
  4905 | D:5      | Entered Level 5 of the Dungeon
  4967 | D:5      | Noticed Menkaure
  5013 | D:5      | Killed Menkaure
  5160 | D:5      | Noticed Edmund
  5185 | D:5      | Killed Edmund
  5995 | D:5      | Reached XP level 8. HP: 31/71 MP: 8/8
  6219 | D:5      | Reached skill level 6 in Axes
  6382 | D:5      | Reached * piety under Wu Jian
  6635 | D:5      | You fall into a shaft and drop 1 floor!
  6671 | D:6      | Noticed a manticore
  6680 | D:6      | Killed a manticore
  6681 | D:6      | Reached skill level 1 in Short Blades
  6681 | D:6      | Reached skill level 5 in Armour
  6875 | D:6      | Found a sand-covered staircase.
  6884 | Ossuary  | Entered an ossuary
  6976 | Ossuary  | Reached ** piety under Wu Jian
  7133 | Ossuary  | Reached *** piety under Wu Jian
  7872 | D:7      | Reached skill level 5 in Fighting
  8003 | D:7      | Reached XP level 9. HP: 61/79 MP: 9/9
  8012 | D:7      | Reached **** piety under Wu Jian
  8373 | D:7      | Noticed a hellwing
  8373 | D:7      | Noticed a hellwing
  8396 | D:7      | Killed a hellwing
  8397 | D:7      | Reached skill level 7 in Axes
  8707 | D:7      | Reached skill level 8 in Axes
  8707 | D:7      | Reached skill level 5 in Shields
  8715 | D:7      | Killed a hellwing
  8717 | D:7      | Reached XP level 10. HP: 38/88 MP: 10/10
  9231 | D:7      | Reached skill level 9 in Axes
 10225 | D:8      | Reached ***** piety under Wu Jian
 10655 | D:8      | Found a shadowy altar of Dithmenos.
 10977 | D:8      | Found a stormy altar of Qazlal.
 11517 | D:9      | Found a snail-covered altar of Cheibriados.
 11606 | D:9      | Found a glowing silver altar of Zin.
 11666 | D:9      | Reached skill level 1 in Maces & Flails
 11707 | D:9      | Reached XP level 11. HP: 97/97 MP: 11/11
 12598 | D:9      | Found a blossoming altar of Fedhas.
 12930 | D:10     | Entered Level 10 of the Dungeon
 13035 | D:10     | Got an ancient trident
 13035 | D:10     | Identified the cursed +0 trident "Ozyd Muclul" {speed,
                  | rElec Dex+5} (You found it on level 10 of the Dungeon)
 13056 | D:10     | Noticed a two-headed ogre
 13063 | D:10     | Killed a two-headed ogre
 13395 | D:10     | Noticed a death yak
 13772 | D:10     | Noticed a death yak
 13773 | D:10     | Noticed a death yak
 13773 | D:10     | Noticed a death yak
 13773 | D:10     | Noticed a death yak
 14127 | D:9      | Killed a death yak
 14927 | D:9      | Killed a death yak
 14928 | D:9      | Reached skill level 10 in Axes
 15073 | D:9      | Killed a death yak
 15155 | D:9      | Reached skill level 1 in Polearms
 15169 | D:9      | Killed a death yak
 15206 | D:9      | Killed a death yak
 15534 | D:10     | Found a staircase to the Lair.
 15953 | D:11     | Found a gate leading to a gauntlet.
 16027 | Gauntlet | Entered a Gauntlet
 16027 | Gauntlet | Found a transporter.
 16027 | Gauntlet | Found a transporter.
 16027 | Gauntlet | Found a transporter.
 16048 | Gauntlet | Found a transporter.
 16081 | Gauntlet | Noticed a soul eater
 16093 | Gauntlet | Found a transporter.
 16093 | Gauntlet | Found a transporter.
 16104 | Gauntlet | Found a transporter.
 16104 | Gauntlet | Found a transporter.
 16107 | Gauntlet | Noticed a reaper
 16153 | Gauntlet | Found a transporter.
 16156 | Gauntlet | Found a transporter.
 16166 | Gauntlet | Found a transporter.
 16166 | Gauntlet | Found a transporter.
 16274 | Gauntlet | HP: 4/98 [meliai/+0 war axe (8)]
 16465 | Gauntlet | Identified the ring "Xidev" {rF+ Will+++ Dex+2 SInv}
 16465 | Gauntlet | Noticed a minotaur
 16476 | Gauntlet | Killed a minotaur
 16477 | Gauntlet | Reached skill level 1 in Evocations
 16477 | Gauntlet | Reached XP level 12. HP: 52/107 MP: 12/12
 16785 | D:11     | Reached skill level 5 in Dodging
 16809 | D:11     | Noticed a two-headed ogre
 16812 | D:11     | Killed a two-headed ogre
 16813 | D:11     | Reached skill level 5 in Short Blades
 17491 | D:12     | Noticed a boulder beetle
 17953 | D:12     | Found a staircase to the Orcish Mines.
 18047 | Orc:1    | Entered Level 1 of the Orcish Mines
 18047 | Orc:1    | Noticed an orc warlord
 18493 | D:12     | Slain by a boulder beetle

Illustrated notes

Levels and vault maps discovered:
D:1:      psy_arrival_whirlpool, layout_loops_ring
D:2:      layout_rooms, uniq_sigmund
D:3:      layout_rooms, grunt_temple_overflow_magic_moments,
          lemuel_doored_altar, general_overflow_altar
D:4:      layout_rooms, grunt_gozag_breadcrumbs,
          minmay_temple_entry_stoned_glass, grunt_ministairs_14, uniq_grinder
D:5:      layout_layer_cave, gammafunk_temple_overflow_pools, uniq_edmund,
          uniq_menkaure
D:6:      layout_cave_pools, portal_sewer_entry_e, enter_ossuary_4
D:7:      cheibrodos_grave_circle, layout_basic
D:8:      layout_rooms, nicolae_qazlal_general_emergency,
          hangedman_abyss_or_decor_stagger, grunt_ministairs_3,
          small_statue_alley_b, nicolae_dithmenos_the_darkroom
D:9:      layout_long_grid, zin_statuary, old_standard_altar, basic_altar,
          st_stairs_10, wad_floor_pattern_2
D:10:     lemuel_ice_statue, layout_basic, dpeg_lair_monsters,
          columned_hall_lemuel, minmay_fire_ice_demons
D:11:     layout_loops_ring, gauntlet_entry_generic
D:12:     layout_loops_ring, erik_orc_2, serial_bayou, serial_bayou_lake_a,
          serial_bayou_pond_e, serial_bayou_pond_a, serial_bayou_pond_a,
          serial_bayou_shore_a, serial_bayou_pond_e, item_on_display_a
Orc:1:    layout_caves, serial_shops, nicolae_shop_stone, basic_altar

Skill      XL: |  1  2  3  4  5  6  7  8  9 10 11 12 |
---------------+-------------------------------------+-----
Axes           | 3 4 5 6 8 9 10 | 10.5
Armour         | 3 4 5 6 7 |  7.4
Shields        | 3 4 5 6 7 |  7.9
Dodging        | 1 2 3 4 5 |  5.1
Stealth        | 1 2 3 4 |  4.3
Fighting       | 4 5 6 7 |  7.9
Short Blades   | 2 3 4 5 |  5.0
Maces & Flails | 1 3 4 |  4.9
Polearms       | 1 |  1.2
Evocations     | 1 2 |  2.3

Action                   |  1- 3 |  4- 6 |  7- 9 | 10-12 || total
-------------------------+-------+-------+-------+-------++-------
Melee: War axe           |    94 |   113 |   208 |   242 ||   657
       Tailslap          |     6 |    16 |    69 |   242 ||   333
       Short sword       |       |     6 |   174 |   193 ||   373
       Flail             |       |       |       |   271 ||   271
       Dagger            |       |       |       |   317 ||   317
       Trident           |       |       |       |    80 ||    80
Throw: Boomerang         |       |       |     4 |    34 ||    38
       Dart              |       |       |       |     6 ||     6
Invok: Lunge             |       |       |    17 |    14 ||    31
       Whirlwind         |       |       |    17 |   101 ||   118
       Heavenly Storm    |       |       |       |     2 ||     2
 Abil: Rolling Charge    |    15 |    13 |    41 |    72 ||   141
       Wall Jump         |       |       |     1 |    62 ||    63
Evoke: Wand              |       |       |       |    11 ||    11
  Use: Potion            |       |     5 |     5 |     5 ||    15
       Scroll            |       |     5 |     4 |    19 ||    28
Armor: Scale mail        |    40 |    45 |   132 |   147 ||   364
       Troll leather arm |       |       |       |    81 ||    81
       Ring mail         |       |       |       |    25 ||    25
Dodge: Dodged            |    17 |    37 |    94 |   378 ||   526
Block: Kite shield       |    42 |    67 |   227 |   650 ||   986
